 Dungeon Crawl Stone Soup version 0.30-a0-528-g8c47a4955b (webtiles) character file.

Game seed: 2673864425190919286

440723 Angani the Luminary of Lethal Lore (level 22, -10/195 HPs)
             Began as a Red Draconian Reaver on Dec 19, 2022.
             Was the Champion of Vehumet.
             Killed from afar by an ancient champion (34 damage)
             ... with an iron shot
             ... on level 3 of the Crypt on Dec 24, 2022.
             The game lasted 03:14:39 (63151 turns).

Angani the Luminary of Lethal Lore (DrRe)          Turns: 63151, Time: 03:14:39

Health: -10/195    AC: 22    Str: 15    XL:     22   Next: 70%
Magic:  22/43      EV: 16    Int: 22    God:    Vehumet [******]
Gold:   3346       SH:  8    Dex: 12    Spells: 15/56 levels left

rFire   + + +      SeeInvis .    t - staff of fire
rCold   + . .      Faith    .    A - +2 buckler {rF+}
rNeg    + + .      Spirit   .    (body armour unavailable)
rPois   +          Reflect  .    M - +2 hat
rElec   .          Harm     .    o - +2 cloak {Will+}
rCorr   .          Rampage  .    v - +2 pair of gloves
Will    ++...      Archmagi +    u - +2 pair of boots
Stlth   +++                      E - amulet of magic regeneration
HPRegen 0.52/turn                i - ring "Faecav" {rF+ rC+ rN++ Slay+4}
MPRegen 0.68/turn                K - ring of the Mage {Wiz Archmagi}

@: studying Transmutations, unable to drink
A: breathe fire, AC +11, unfitting armour, fire resistance 1, cold-blooded,
poison resistance, inability to drink after injury 1
}: 3/15 runes: decaying, serpentine, silver
a: Breathe Fire, Renounce Religion


You were on level 3 of the Crypt.
You worshipped Vehumet.
Vehumet was exalted by your worship.
You visited 8 branches of the dungeon, and saw 41 of its levels.
You also visited: Volcano and Desolation.

You collected 6110 gold pieces.
You spent 2764 gold pieces at shops.

Inventory:

Hand Weapons
 q - the +4 morningstar "Longint" {venom, Will+ Str+3}
   (You found it on level 4 of the Dungeon)

   It poisons the flesh of those it strikes.
   Str:       It affects your strength (+3).
   Will:      It increases your willpower.
 w - the +7 dagger of the Depths {vorpal, rElec Str-4 Int+3 Stlth+}
   (You found it on level 9 of the Dungeon)

   It inflicts extra damage upon your enemies.
   Str:       It affects your strength (-4).
   Int:       It affects your intelligence (+3).
   rElec:     It insulates you from electricity.
   Stlth:     It makes you more stealthy.
Armour
 o - a +2 cloak of willpower (worn)
 u - a +2 pair of boots (worn)
 v - a +2 pair of gloves (worn)
 A - a +2 buckler of fire resistance (worn)
 M - a +2 hat (worn)
Magical Staves
 p - a staff of conjuration
 t - a staff of fire (weapon)
 x - a staff of death
 H - a staff of air
 I - a staff of cold
 J - a staff of earth
 S - a staff of poison
Jewellery
 i - the ring "Faecav" (left hand) {rF+ rC+ rN++ Slay+4}
   (You took it off a deep elf demonologist on level 3 of the Elven Halls)

   [ring of slaying]

   Slay:      It affects your accuracy & damage with ranged weapons and melee
   (+4).
   rF:        It protects you from fire.
   rC:        It protects you from cold.
   rN:        It greatly protects you from negative energy.
 C - a ring of ice
 E - an amulet of magic regeneration (around neck)
 K - the ring of the Mage (right hand) {Wiz Archmagi}
   (You found it on level 3 of the Elven Halls)

   [ring of wizardry]

   It improves your spell success rate.
   Archmagi:  It increases the power of your magical spells.
 L - the ring of Xom's Entertainment {Will- Str+7 Int+6}
   (You found it in the Desolation of Salt)

   [ring of intelligence]

   Str:       It affects your strength (+7).
   Int:       It affects your intelligence (+6).
   Will:      It decreases your willpower.
 Q - the ring "Letoy" {rF+ rC+ Will+ rCorr Dex-4}
   (You found it in the Desolation of Salt)

   [ring of protection from cold]

   Dex:       It affects your dexterity (-4).
   rF:        It protects you from fire.
   rC:        It protects you from cold.
   rCorr:     It protects you from acid and corrosion.
   Will:      It increases your willpower.
 X - a ring of see invisible
 Y - a ring of willpower
Wands
 O - a wand of acid (8)
 P - a wand of digging (21)
 W - a wand of iceblast (11)
Scrolls
 a - 5 scrolls of torment
 g - 9 scrolls of teleportation
 n - 3 scrolls of butterflies
 s - a scroll of amnesia
 y - 7 scrolls of blinking
 z - 7 scrolls of vulnerability
 F - 2 scrolls of magic mapping
 N - 4 scrolls of silence
 R - 10 scrolls of fog
 T - 7 scrolls of poison
 V - 3 scrolls of immolation
Potions
 b - 6 potions of attraction
 c - 4 potions of heal wounds
 d - 9 potions of brilliance
 e - 11 potions of might
 f - 3 potions of resistance
 h - 7 potions of ambrosia
 j - 9 potions of flight
 k - 3 potions of magic
 l - a potion of invisibility
 m - 3 potions of haste
 r - 19 potions of curing
 B - 10 potions of lignification
 D - 3 potions of cancellation
 G - a potion of berserk rage
 Z - 5 potions of mutation
Miscellaneous
 U - a phial of floods


   Skills:
 + Level 16.0 Fighting
 - Level 3.0 Short Blades
 + Level 11.2 Dodging
 - Level 5.0 Stealth
 - Level 10.0 Shields
 + Level 17.8 Spellcasting
 + Level 12.0 Conjurations
 - Level 6.7 Transmutations
 - Level 20.0 Fire Magic
 - Level 11.2 Earth Magic
 - Level 6.7 Poison Magic
 - Level 21.5 Invocations


You had 15 spell levels left.
You knew the following spells:

 Your Spells              Type           Power      Damage    Failure   Level
a - Eringya's Noxious Bo  Tmut/Pois      32%        N/A       3%          6
b - Borgnjor's Vile Clut  Necr/Erth      30%        N/A       3%          5
d - Ignite Poison         Fire/Tmut/Pois 100%       N/A       1%          3
e - Olgreb's Toxic Radia  Pois           65%        N/A       1%          4
f - Iskenderun's Mystic   Conj/Tloc      62%        2d13      1%          4
g - Ignition              Fire           63%        3d17      1%          8
i - Yara's Violent Unrav  Hex/Tmut       25%        3d11      2%          5
j - Iron Shot             Conj/Erth      41%        9d8       1%          6

Your spell library contained the following spells:

 Spells                   Type           Power      Damage    Failure   Level
 Lehudib's Crystal Spear  Conj/Erth      41%        10d10     19%         8
 Shatter                  Erth           40%        3d32*     92%         9
 Chain Lightning          Conj/Air       31%        3d41      100%        9
 Magic Dart               Conj           100%       1d8       0%          1
 Beastly Appendage        Tmut           100%       N/A       1%          1
 Kiss of Death            Conj/Necr      100%       2d13      1%          1
 Shock                    Conj/Air       100%       1d9       1%          1
 Slow                     Hex            100%       N/A       1%          1
 Sting                    Tmut/Pois      100%       1d8       1%          1
 Summon Small Mammal      Summ           100%       N/A       1%          1
 Blink                    Tloc           58%        N/A       1%          2
 Call Imp                 Summ           29%        N/A       1%          2
 Cigotuvi's Dreadful Rot  Necr/Pois/Air  88%        N/A       1%          2
 Ensorcelled Hibernation  Hex/Ice        58%        N/A       1%          2
 Momentum Strike          Conj/Tloc      100%       3d10      1%          2
 Poisonous Vapours        Pois/Air       100%       N/A       1%          2
 Searing Ray              Conj           100%       2d8       1%          2
 Wereblood                Tmut           65%        N/A       1%          2
 Hailstorm                Conj/Ice       62%        3d13      1%          3
 Inner Flame              Hex/Fire       97%        N/A       1%          3
 Mephitic Cloud           Conj/Pois/Air  63%        N/A       1%          3
 Spider Form              Tmut/Pois      65%        N/A       1%          3
 Flame Wave               Conj/Fire      100%       2d21      1%          4
 Fulminant Prism          Conj/Hex       31%        3d16      1%          4
 Leda's Liquefaction      Hex/Erth       30%        N/A       1%          4
 Petrify                  Tmut/Erth      73%        N/A       1%          4
 Sticky Flame             Conj/Fire      100%       2d11      1%          4
 Iskenderun's Battlesphe  Conj           83%        2d13      1%          5
 Alistair's Intoxication  Tmut/Pois      43%        N/A       2%          5
 Blade Hands              Tmut           32%        N/A       2%          5
 Freezing Cloud           Conj/Ice/Air   27%        6-21      2%          5
 Orb of Destruction       Conj           41%        9d11      2%          7
 Ice Form                 Ice/Tmut       51%        N/A       3%          4
 Call Canine Familiar     Summ           29%        N/A       4%          3
 Confusing Touch          Hex            29%        N/A       4%          3
 Gell's Gravitas          Tloc           29%        N/A       4%          3
 Lesser Beckoning         Tloc           58%        N/A       4%          3
 Ozocubu's Armour         Ice            29%        N/A       4%          3
 Portal Projectile        Hex/Tloc       58%        N/A       4%          3
 Summon Guardian Golem    Hex/Summ       29%        N/A       4%          3
 Swiftness                Air            29%        N/A       4%          3
 Teleport Other           Tloc           29%        N/A       4%          3
 Tukima's Dance           Hex            29%        N/A       4%          3
 Vampiric Draining        Necr           29%        2d8       4%          3
 Airstrike                Air            14%        2d(3-19)  4%          4
 Statue Form              Tmut/Erth      48%        N/A       4%          6
 Anguish                  Hex/Necr       14%        N/A       13%         4
 Animate Dead             Necr           29%        N/A       13%         4
 Cause Fear               Hex            14%        N/A       13%         4
 Dispel Undead            Necr           29%        3d13      13%         4
 Manifold Assault         Tloc           29%        N/A       13%         4
 Spellforged Servitor     Conj/Summ      31%        N/A       22%         7
 Agony                    Necr           29%        N/A       32%         5
 Metabolic Englaciation   Hex/Ice        14%        N/A       32%         5
 Summon Forest            Summ/Tloc      14%        N/A       32%         5
 Death Channel            Necr           14%        N/A       86%         6
 Simulacrum               Ice/Necr       14%        N/A       86%         6
 Ozocubu's Refrigeration  Ice            14%        4d10      89%         7
 Storm Form               Tmut/Air       25%        N/A       93%         7
 Enfeeble                 Hex            14%        N/A       100%        7
 Malign Gateway           Summ/Tloc      14%        N/A       100%        7
 Summon Hydra             Summ           14%        N/A       100%        7
 Discord                  Hex            14%        N/A       100%        8
 Summon Horrible Things   Summ           14%        N/A       100%        8
 Polar Vortex             Ice            14%        N/A       100%        9


Dungeon Overview and Level Annotations

Branches:
Dungeon (15/15)            Temple (0/1) D:4            Lair (5/5) D:8
  Swamp (4/4) Lair:3        Snake (4/4) Lair:3        Slime (0/5) Lair:5
    Orc (2/2) D:12            Elf (3/3) Orc:2        Vaults (5/5) D:14
  Crypt (3/3) Vaults:3     Depths (0/4) D:15        Volcano (visited)
Desolation (visited)
   Tomb: Crypt:3

Altars:
Ashenzari
Dithmenos
Makhleb
Nemelex Xobeh
Ru
Trog
Uskayaw
Vehumet
Wu Jian
Xom
Yredelemnul

Shops:
D:4 [   D:5 *   D:14 [   D:15 !   Orc:2 =*[(   Snake:1 :   Snake:2 =::
Vaults:3 !

Portals:
Hell: Lair:5

Annotations:
D:8 exclusion: oklob plant
D:13 exclusion: door
Snake:1 2 runed translucent doors, inmateoo's ghost, adept DsFi
Snake:3 2 transporters, ma3's ghost, adept DjHW
Elf:2 3 runed translucent doors
Vaults:1 3 runed translucent doors, Uhurudgh's ghost, veteran DgEE
Crypt:3 Mennas


Innate Abilities, Weirdness & Mutations

You can breathe blasts of fire.
Your fiery red scales are hard. (AC +11)
You cannot fit into any form of body armour.
Your flesh is heat resistant. (rF+)
You are cold-blooded and may be slowed by cold attacks.
Your system is resistant to poisons. (rPois)
You occasionally lose the ability to drink potions when taking damage.


Message History

Unknown command.
Unknown command.
Casting: Ignition (mildly dangerous; 1% risk of failure)
Confirm with . or Enter, or press ? or * to list all spells.
Casting: Ignition (mildly dangerous; 1% risk of failure)
Press: ? - help, Dir - look around, f - activate You feel a strong surge of power!
The air bursts into flame!
The fireball engulfs the ancient champion!!
The ancient champion is almost destroyed.
The fireball engulfs the skeletal warrior!
The skeletal warrior is almost destroyed.
The skeletal warrior hits you with a +0 mace!
Unknown command.
Unknown command.
Aiming: Iron Shot (mildly dangerous; 1% risk of failure)
Press: ? - help, Q - select action, (/) - cycle Shift-Dir - straight line, f - skeletal warrior
Aim: a skeletal warrior, wielding a +0 mace (almost destroyed, 76% to hit)
You feel a surge of power!
The iron shot misses the skeletal warrior.
The ancient champion gestures at you while chanting.
The iron shot hits you!!!
An iron dragon zombie comes into view.
The skeletal warrior hits you with a +0 mace!
You hear a chilling moan.
Aiming: Iron Shot (mildly dangerous; 1% risk of failure)
Press: ? - help, Q - select action, (/) - cycle Shift-Dir - straight line, f/p - skeletal warrior
Aim: a skeletal warrior, wielding a +0 mace (severely damaged, 76% to hit)
You feel a surge of power!
The iron shot hits the skeletal warrior!!
You destroy the skeletal warrior!
Vehumet accepts your kill.
A phantasmal warrior comes into view.
The ancient champion gestures at you while chanting.
The iron shot hits you!!!
You feel threatened and lose the ability to drink potions!
* * * LOW HITPOINT WARNING * * *
Okay, then.
The ancient champion casts a spell at you.
The iron shot hits you!!
You die...

#. ######.
..!.... .......
#Z..).. #......
#...z))########
#.....)@......W
#....))........
#..............
...............
...............
###############


You could see an ancient champion (fast), a phantasmal warrior and an iron
dragon zombie.

Vanquished Creatures
  2 ancient liches (Vaults:5)
  Sojobo (Crypt:1)
  A golden dragon (Vaults:5)
  3 tentacled monstrosities
  Jorgrun (Snake:1)
  Rupert (Orc:2)
  2 deep elf blademasters (Elf:3)
  2 deep elf master archers (Elf:3)
  4 quicksilver dragons
  3 ancient champions
  4 sphinxes
  A thorn hunter (Swamp:2)
  6 tengu reavers
  2 shadow dragons (Vaults:5)
  A revenant (Crypt:1)
  2 fenstrider witches
  A fire giant (Vaults:5)
  Donald (Snake:3)
  7 deep elf sorcerers
  5 nagarajas (Snake:4)
  4 frost giants
  20 vault wardens
  3 imperial myrmidons (Desolation)
  2 iron dragons (Vaults:5)
  3 deep elf elementalists (Elf:3)
  3 orc warlords
  27 ironbound preservers
  3 war gargoyles
  10 ghouls
  4 vampire knights
  6 very ugly things
  6 stone giants
  5 ironbound thunderhulks
  3 eleionomae
  11 deep elf demonologists
  5 deep elf annihilators
  7 dire elephants
  5 bunyips
  2 green deaths (Swamp:4)
  Snorg (Orc:2)
  2 ettins (Vaults:5)
  3 crystal guardians (Desolation)
  An eidolon (Crypt:2)
  Josephine (D:14)
  6 deep elf death magi
  9 jiangshi
  6 deep elf high priests
  A shambling mangrove (Swamp:2)
  3 entropy weavers
  9 yaktaur captains
  4 great orbs of eyes
  Harold (D:11)
  15 hydras
  6 ragged hierophants (Desolation)
  4 servants of whispers
  2 salamander tyrants (Snake:4)
  32 vault guards
  2 catoblepae
  A ghost crab (Swamp:3)
  22 centaur warriors
  5 peacekeepers
  A spriggan skeleton (D:15)
  6 ironbound frosthearts
  5 ogre magi
  11 anacondas
  2 death knights
  A two-headed ogre (shapeshifter) (Vaults:5)
  8 naga warriors
  An alligator (shapeshifter) (Vaults:5)
  14 dancing weapons
  4 alligators
  A death yak (Lair:5)
  4 boulder beetles
  2 deep troll earth magi
  5 vampire magi
  8 shock serpents
  2 orc high priests (Orc:2)
  10 naga sharpshooters
  4 soul eaters
  2 tengu warriors (D:14)
  Urug (D:13)
  Sonja (D:13)
  2 thrashing horrors (Swamp:4)
  A hell knight (Vaults:5)
  11 deep elf knights
  A titan skeleton (Crypt:3)
  A sixfirhy (Lair:5)
  3 shadow wraiths
  A salamander mystic (Snake:4)
  4 goliath frogs
  A bunyip zombie (Crypt:3)
  18 skeletal warriors
  65 deep trolls
  3 spriggan druids
  A golden dragon zombie (D:15)
  A sea snake (shapeshifter) (Vaults:5)
  An iron giant zombie (Crypt:1)
  17 bog bodies
  20 ironbound convokers
  9 swamp dragons
  8 deep elf archers
  8 wizards
  7 naga ritualists
  3 flayed ghosts
  2 sea snakes (Snake:1)
  6 lindwurms
  12 phantasmal warriors
  6 necromancers
  20 deep elf pyromancers
  3 wolf spiders
  An anaconda skeleton (Crypt:2)
  15 deep elf zephyrmancers
  2 frost giant zombies
  10 mana vipers
  11 orc knights
  2 wolf spider zombies (D:13)
  A human zombie (Vaults:3)
  3 manticores
  7 orc sorcerers
  2 will-o-the-wisps
  2 large abominations (Swamp:4)
  30 ugly things
  7 cyclopes
  4 salamanders
  44 black mambas
  8 elephants
  7 centaur zombies (D:13)
  A torpor snail (Lair:5)
  Maurice (D:13)
  8 guardian serpents
  15 naga magi
  Joseph (D:9)
  A molten gargoyle (Desolation)
  A dire elephant zombie (Crypt:1)
  2 gargoyles (D:12)
  A smoke demon (Lair:5)
  6 cane toads
  5 centaur skeletons
  3 orange demons
  20 vault sentinels
  2 kobold demonologists (D:11)
  2 unseen horrors
  35 yaktaurs
  7 freezing wraiths
  A black draconian zombie (Crypt:2)
  2 efreet
  A komodo dragon (shapeshifter) (D:14)
  An iron troll zombie (Crypt:2)
  2 ice devils (Lair:5)
  2 tengu conjurers (D:14)
  4 rime drakes
  3 komodo dragons
  A redback zombie (D:13)
  4 guardian mummies (Crypt:2)
  A harpy zombie (D:13)
  A troll (shapeshifter) (D:15)
  11 trolls
  2 human skeletons
  3 bloated husks
  3 polar bears
  A queen bee (Lair:1)
  A tarantella (shapeshifter) (D:9)
  4 blink frogs (Lair:5)
  4 tyrant leeches
  11 hornets
  Grinder (D:3)
  A tengu simulacrum (Vaults:1)
  30 saltlings
  A snapping turtle (shapeshifter) (D:13)
  2 harpy skeletons (D:13)
  34 slime creatures
  6 dream sheep
  2 ettin zombies
  A blink frog (shapeshifter) (Vaults:5)
  A centaur simulacrum (D:14)
  A culicivora (Vaults:1)
  7 spriggans (Swamp:2)
  8 shadows
  6 air elementals
  8 wraiths
  2 wyverns (D:9)
  3 vampires
  4 water elementals
  28 yaks
  Eustachio (D:4)
  A basilisk (shapeshifter) (D:9)
  3 fire elementals
  2 basilisks
  3 steam dragons (D:9)
  2 humans (D:14)
  A redback (Vaults:1)
  Menkaure (D:4)
  5 vampire mosquitoes
  25 nagas
  18 swamp worms
  5 acid dragons
  2 glowing shapeshifter zombies (Vaults:1)
  3 hell hounds (Lair:5)
  12 water moccasins
  4 black bears
  A swamp drake (D:10)
  A sky beast (D:7)
  A hornet zombie (D:13)
  5 ice beasts
  35 orc warriors
  3 ogres
  4 wolves
  20 centaurs
  A manticore skeleton (Crypt:2)
  4 kobold brigands
  A yaktaur skeleton (Crypt:1)
  A komodo dragon zombie (Crypt:1)
  6 scorpions
  12 bullfrogs
  5 earth elementals
  6 necrophages
  An elf skeleton (Crypt:2)
  A warg zombie (Crypt:1)
  A wight (D:10)
  20 killer bees
  An oklob sapling (D:8)
  10 electric eels
  11 howler monkeys
  A crimson imp (D:10)
  30 orc priests
  6 hounds
  2 jellies
  2 gnoll boudas
  3 iguanas
  An iron imp (D:10)
  2 boggart zombies (D:13)
  Jessica (D:3)
  Ijyb (D:3)
  35 orc wizards
  6 hell rats (Lair:1)
  An acid dragon zombie (Crypt:1)
  4 mummies (Crypt:2)
  12 gnolls
  13 adders
  11 river rats (Lair:1)
  4 shadow imps
  7 white imps
  An ufetubus (D:5)
  An iguana zombie (Crypt:1)
  A lava snake zombie (Crypt:2)
  2 worms
  2 dart slugs
  105 orcs
  3 bats (D:2)
  10 endoplasms
  3 giant cockroaches
  4 goblins
  5 hobgoblins
  4 jackals (D:8)
  25 kobolds
  9 quokkas
  11 ball pythons
  2 frilled lizards
  A quokka zombie (Crypt:3)
  11 rats
1700 creatures vanquished.

Vanquished Creatures (collateral kills)
  An orc high priest (Orc:2)
1 creature vanquished.

Vanquished Creatures (others)
  Aizul (Vaults:4)
  A hobgoblin (D:4)
  A bush (D:8)
  8 foxfires
  15 fungi
  35 plants
  20 withered plants
81 creatures vanquished.

Grand Total: 1782 creatures vanquished

Notes
Turn   | Place    | Note
-------+----------+-------------------------------------------
     0 | D:1      | Angani the Draconian Reaver began the quest for the Orb.
     0 | D:1      | Reached XP level 1. HP: 17/17 MP: 3/3
    40 | D:1      | Learned a level 1 spell: Magic Dart
   186 | D:1      | Reached XP level 2. HP: 24/24 MP: 0/5
  1364 | D:2      | Gained mutation: Your body sometimes deteriorates upon
                  | taking damage. [potion of mutation]
  1364 | D:2      | Gained mutation: You are agile. (Dex +4, Str/Int -1)
                  | [potion of mutation]
  1377 | D:2      | Reached XP level 3. HP: 23/29 MP: 0/7
  1577 | D:2      | Found a faded altar of an unknown god.
  1585 | D:2      | Prayed at the altar of an unknown god.
  1585 | D:2      | Became a worshipper of Vehumet
  1585 | D:2      | Reached * piety under Vehumet
  1585 | D:2      | Offered knowledge of Sandblast by Vehumet.
  1633 | D:2      | Lost mutation: Your body sometimes deteriorates upon taking
                  | damage. [potion of mutation]
  1633 | D:2      | Lost mutation: You are agile. (Dex +4, Str/Int -1) [potion
                  | of mutation]
  1633 | D:2      | Gained mutation: You sometimes lose your temper in combat.
                  | [potion of mutation]
  1633 | D:2      | Gained mutation: You passively map a small area around you.
                  | [potion of mutation]
  2404 | D:3      | Reached XP level 4. HP: 36/36 MP: 5/8
  2600 | D:3      | Noticed Jessica
  2605 | D:3      | Killed Jessica
  2716 | D:3      | Reached XP level 5. HP: 34/38 MP: 1/10
  2928 | D:3      | Found a large runed translucent door.
  2929 | D:3      | Found a large runed translucent door.
  3398 | D:3      | Noticed Grinder
  3405 | D:3      | Paralysed by Grinder for 4 turns
  3490 | D:3      | Found a radiant altar of Vehumet.
  3494 | D:3      | Found a hide-covered altar of Uskayaw.
  3671 | D:4      | Found Imagyc's Antique Armour Shop.
  3678 | D:4      | Noticed Ijyb
  3857 | D:3      | Killed Ijyb
  3999 | D:4      | Reached skill level 5 in Conjurations
  4095 | D:4      | Noticed Menkaure
  4286 | D:4      | Reached ** piety under Vehumet
  4286 | D:4      | Offered knowledge of Poisonous Vapours by Vehumet.
  4316 | D:4      | Learned a level 2 spell: Poisonous Vapours
  4332 | D:4      | Reached XP level 6. HP: 33/38 MP: 4/12
  4558 | D:4      | Reached skill level 5 in Spellcasting
  4992 | D:4      | Bought a pair of boots for 121 gold pieces
  5042 | D:4      | Found a staircase to the Ecumenical Temple.
  5049 | D:4      | Identified the +4 morningstar "Longint" {venom, Will+
                  | Str+3}
  5088 | D:4      | Noticed Eustachio
  5117 | D:4      | Killed Eustachio
  5118 | D:4      | Your scales start taking on a fiery red colour.
  5118 | D:4      | Reached XP level 7. HP: 46/55 MP: 10/15
  5118 | D:4      | Gained mutation: Your flesh is heat resistant. (rF+) [Red
                  | Draconian growth]
  5427 | D:4      | Killed Menkaure
  5441 | D:5      | Entered Level 5 of the Dungeon
  5459 | D:3      | Killed Grinder
  5657 | D:5      | Reached XP level 8. HP: 61/61 MP: 9/17
  5980 | D:5      | Found Nuexza's General Store.
  6108 | D:5      | Lost mutation: You sometimes lose your temper in combat.
                  | [potion of mutation]
  6108 | D:5      | Lost mutation: You passively map a small area around you.
                  | [potion of mutation]
  6108 | D:5      | Gained mutation: Your muscles are strong. (Str +4, Int/Dex
                  | -1) [potion of mutation]
  6108 | D:5      | Gained mutation: You do not regenerate when monsters are
                  | visible. [potion of mutation]
  6108 | D:5      | Gained mutation: You are robust. (+10% HP) [potion of
                  | mutation]
  6177 | D:5      | Found a sparkling altar of Nemelex Xobeh.
  6178 | D:5      | Found a basalt altar of Yredelemnul.
  6180 | D:5      | Found an ornate altar of the Wu Jian Council.
  6634 | D:6      | Offered knowledge of Ignite Poison by Vehumet.
  6826 | D:6      | Learned a level 3 spell: Ignite Poison
  6831 | D:6      | Learned a level 4 spell: Olgreb's Toxic Radiance
  6985 | D:6      | Reached skill level 1 in Transmutations
  6985 | D:6      | Reached skill level 1 in Fire Magic
  6985 | D:6      | Reached skill level 1 in Poison Magic
  7024 | D:6      | Reached *** piety under Vehumet
  7140 | D:6      | Reached XP level 9. HP: 73/73 MP: 18/21
  7334 | D:6      | Got the Secrets of Lethal Reformation
  7592 | D:7      | Offered knowledge of Iskenderun's Mystic Blast by Vehumet.
  7599 | D:7      | Learned a level 4 spell: Iskenderun's Mystic Blast
  8874 | D:8      | Noticed a rime drake
  8876 | D:8      | Killed a rime drake
  8876 | D:8      | Reached **** piety under Vehumet
  8877 | D:8      | Reached skill level 5 in Fire Magic
  8919 | D:8      | Found a staircase to the Lair.
  9127 | D:8      | Offered knowledge of Lee's Rapid Deconstruction by Vehumet.
  9168 | D:8      | Reached skill level 5 in Poison Magic
  9170 | D:8      | Reached skill level 5 in Transmutations
  9170 | D:8      | Reached XP level 10. HP: 77/80 MP: 9/22
  9170 | D:8      | Found a bloodstained altar of Trog.
  9230 | D:8      | Found a sacrificial altar of Ru.
  9874 | D:8      | Noticed an oklob plant
 10834 | D:9      | Noticed Joseph
 10838 | D:9      | Killed Joseph
 10958 | D:9      | Lost mutation: Your muscles are strong. (Str +4, Int/Dex
                  | -1) [potion of mutation]
 10958 | D:9      | Lost mutation: You are robust. (+10% HP) [potion of
                  | mutation]
 10958 | D:9      | Gained mutation: You are dopey. (Int -2) [potion of
                  | mutation]
 10958 | D:9      | Gained mutation: You occasionally lose the ability to read
                  | scrolls when taking damage. [potion of mutation]
 11448 | D:9      | Noticed a wolf spider
 11453 | D:9      | Killed a wolf spider
 11558 | D:9      | Identified the +6 spear of the Gnat {vorpal, *Noise rN+
                  | Str+3}
 11564 | D:9      | Identified the +6 halberd "Icairowk" {venom, rElec Will-
                  | Stlth+}
 11567 | D:9      | Identified the amulet of Jiderr {Spirit Will+ rCorr}
 11614 | D:9      | Noticed an orc knight
 11614 | D:9      | Noticed an orc sorcerer
 11615 | D:9      | Noticed a rust devil
 11618 | D:9      | Killed an orc sorcerer
 11619 | D:9      | Reached skill level 10 in Fire Magic
 11619 | D:9      | Reached XP level 11. HP: 56/79 MP: 3/23
 11619 | D:9      | Killed an orc knight
 11731 | D:9      | Identified the +7 dagger of the Depths {vorpal, rElec Str-4
                  | Int+3 Stlth+}
 12031 | D:9      | Reached ***** piety under Vehumet
 12459 | D:9      | Offered knowledge of Lightning Bolt by Vehumet.
 12645 | D:9      | Learned a level 8 spell: Ignition
 12681 | D:10     | Entered Level 10 of the Dungeon
 13114 | D:10     | Noticed a deep elf pyromancer
 13117 | D:10     | Killed a deep elf pyromancer
 13165 | D:10     | Noticed a deep elf zephyrmancer
 13168 | D:10     | Killed a deep elf zephyrmancer
 13950 | Lair:1   | Entered Level 1 of the Lair of Beasts
 14317 | Lair:1   | Found a dark tunnel.
 14326 | Volcano  | Entered a volcano
 14349 | Volcano  | Noticed a hell knight
 14349 | Volcano  | Noticed a two-headed ogre
 14416 | Lair:1   | Reached skill level 10 in Spellcasting
 14799 | Lair:1   | Offered knowledge of Iron Shot by Vehumet.
 14816 | Lair:1   | Reached XP level 12. HP: 66/85 MP: 18/26
 15726 | Lair:2   | Noticed a seven-headed hydra
 15736 | Lair:2   | Killed a seven-headed hydra
 16008 | Lair:2   | Noticed a catoblepas
 16332 | Lair:2   | Killed a catoblepas
 16372 | Lair:2   | Identified the +8 shortbow "Necosk" {vorpal, Str+2}
 16512 | Lair:3   | Identified the +6 great mace of Harmony {spect, Fly rCorr
                  | Dex+2}
 16640 | Lair:3   | Reached skill level 15 in Fire Magic
 16989 | Lair:3   | Found a staircase to the Snake Pit.
 17471 | Lair:3   | Found a staircase to the Swamp.
 17915 | Lair:4   | Noticed a five-headed hydra
 17921 | Lair:4   | Killed a five-headed hydra
 18008 | Lair:4   | You fall into a shaft and drop 1 floor!
 18008 | Lair:5   | Entered Level 5 of the Lair of Beasts
 18031 | Lair:5   | Noticed an eight-headed hydra
 18033 | Lair:5   | Noticed a catoblepas
 18537 | Lair:4   | Identified the +4 robe "Hujoulap" {rElec Str+7}
 18808 | Lair:4   | Reached XP level 13. HP: 91/91 MP: 29/29
 18831 | Lair:5   | Learned a level 5 spell: Iskenderun's Battlesphere
 19134 | Lair:5   | Found a staircase to the Slime Pits.
 19714 | Lair:5   | Noticed a dire elephant
 19722 | Lair:5   | Killed a dire elephant
 20377 | Lair:5   | Found a burning altar of Makhleb.
 20405 | Lair:5   | Found a gateway to Hell.
 20754 | D:11     | Found a broken altar of Ashenzari.
 20903 | D:11     | Identified the +3 plate armour "Wessiegh" {Int+4 SInv}
 20950 | D:11     | Offered knowledge of Yara's Violent Unravelling by Vehumet.
 21136 | D:11     | Noticed Harold
 21141 | D:11     | Killed Harold
 21879 | D:11     | Learned a level 5 spell: Yara's Violent Unravelling
 22069 | D:12     | You fall into a shaft and drop 3 floors!
 22069 | D:15     | Entered Level 15 of the Dungeon
 22086 | D:15     | Lost mutation: You do not regenerate when monsters are
                  | visible. [potion of mutation]
 22086 | D:15     | Lost mutation: You are dopey. (Int -2) [potion of mutation]
 22086 | D:15     | Lost mutation: You occasionally lose the ability to read
                  | scrolls when taking damage. [potion of mutation]
 22086 | D:15     | Gained mutation: Your system is resistant to poisons.
                  | (rPois) [potion of mutation]
 22089 | D:15     | Found Olewir's Distillery.
 22195 | D:14     | Noticed Josephine
 22201 | D:14     | Killed Josephine
 22202 | D:14     | Reached XP level 14. HP: 91/99 MP: 22/32
 22741 | D:13     | Noticed Maurice
 22918 | D:12     | Identified the +0 helmet "Bigout" {rF+ rC+ Will+ Int-5}
 23529 | D:12     | Found a staircase to the Orcish Mines.
 23781 | D:13     | Killed Maurice
 24004 | D:13     | Noticed Urug
 24009 | D:13     | Noticed Sonja
 24011 | D:13     | Killed Urug
 24013 | D:13     | Killed Sonja
 24649 | D:13     | Found the +9 sword of Zonguldrok {reap}
 24649 | D:13     | Noticed a bone dragon
 24651 | D:13     | Reached skill level 15 in Spellcasting
 25502 | Orc:1    | Entered Level 1 of the Orcish Mines
 25503 | Orc:1    | Reached ****** piety under Vehumet
 25512 | Orc:1    | Offered knowledge of Fireball by Vehumet.
 25721 | Orc:2    | Entered Level 2 of the Orcish Mines
 25730 | Orc:2    | Noticed Snorg
 25786 | Orc:2    | Killed Snorg
 26239 | Orc:2    | Noticed Rupert
 26292 | Orc:2    | Killed Rupert
 26519 | Orc:2    | Reached skill level 5 in Fighting
 26688 | Orc:2    | Noticed an orc warlord
 27109 | Orc:2    | Offered knowledge of Eringya's Noxious Bog by Vehumet.
 27124 | Orc:2    | Learned a level 6 spell: Eringya's Noxious Bog
 27337 | Orc:2    | Reached XP level 15. HP: 113/115 MP: 10/34
 27465 | Orc:2    | Found Gamp's General Store.
 27466 | Orc:2    | Found Giwoph's Jewellery Emporium.
 27467 | Orc:2    | Found Wan Kome's Antique Armour Emporium.
 27467 | Orc:2    | Found Imopabla's Antique Weapon Shoppe.
 27472 | Orc:2    | Bought a scroll of magic mapping for 105 gold pieces
 27484 | Orc:2    | Bought a pair of runed boots for 180 gold pieces
 27484 | Orc:2    | Bought a pair of runed gloves for 180 gold pieces
 27495 | Orc:2    | Bought a +6 ring of intelligence for 504 gold pieces
 27549 | Orc:2    | Found a staircase to the Elven Halls.
 28257 | Elf:1    | Entered Level 1 of the Elven Halls
 28263 | Elf:1    | mini bog hours
 28406 | Elf:1    | Reached skill level 5 in Dodging
 29773 | Elf:1    | Learned a level 6 spell: Iron Shot
 29938 | D:14     | Found Xavoutu's Antique Armour Shop.
 30092 | D:14     | Reached skill level 1 in Earth Magic
 30307 | D:14     | Offered knowledge of Starburst by Vehumet.
 30950 | D:14     | Found a shadowy altar of Dithmenos.
 31278 | D:14     | Found a gate to the Vaults.
 31771 | D:15     | Found a staircase to the Depths.
 31997 | D:15     | Reached skill level 5 in Earth Magic
 32224 | D:15     | Found a hide-covered altar of Uskayaw.
 32669 | D:15     | Bought a potion of cancellation for 136 gold pieces
 32669 | D:15     | Bought a potion of heal wounds for 85 gold pieces
 32669 | D:15     | Bought a potion of curing for 51 gold pieces
 32669 | D:15     | Bought a potion of curing for 51 gold pieces
 33549 | Elf:1    | Reached XP level 16. HP: 70/132 MP: 13/35
 34266 | Elf:2    | Found a runed translucent gate.
 34267 | Elf:2    | Found a runed translucent gate.
 34271 | Elf:2    | Found a runed translucent gate.
 34279 | Elf:2    | Reached skill level 10 in Conjurations
 34616 | Elf:3    | Entered Level 3 of the Elven Halls
 34623 | Elf:3    | Offered knowledge of Maxwell's Capacitive Coupling by
                  | Vehumet.
 34767 | Elf:3    | Paralysed by an air elemental for 1 turns
 35919 | Elf:3    | Noticed a deep elf blademaster
 35925 | Elf:3    | Killed a deep elf blademaster
 36045 | Elf:3    | Noticed a deep elf master archer
 36048 | Elf:3    | Killed a deep elf master archer
 36049 | Elf:3    | Reached skill level 10 in Earth Magic
 36173 | Elf:3    | Noticed a deep elf master archer
 36177 | Elf:3    | Killed a deep elf master archer
 36613 | Elf:3    | Noticed a deep elf blademaster
 36617 | Elf:3    | Killed a deep elf blademaster
 36801 | Elf:3    | Identified the ring "Faecav" {rF+ rC+ rN++ Slay+4}
 36803 | Elf:3    | Noticed a Hell Sentinel
 36803 | Elf:3    | Noticed a Brimstone Fiend
 36807 | Elf:3    | Reached XP level 17. HP: 90/139 MP: 5/36
 36924 | Elf:3    | Identified the ring "Vuoteveo" {+Blink rC+}
 36933 | Elf:3    | Reached skill level 10 in Fighting
 36938 | Elf:3    | Found the ring of the Mage {Wiz Archmagi}
 36998 | Elf:3    | Identified the +0 cloak of Delicate Creativity {rPois Str-4
                  | Slay+3 SInv}
 37334 | D:14     | Learned a level 5 spell: Borgnjor's Vile Clutch
 37672 | Swamp:1  | Entered Level 1 of the Swamp
 37808 | Swamp:1  | Reached skill level 1 in Shields
 39117 | Swamp:3  | Paralysed by a fenstrider witch for 2 turns
 39386 | Swamp:3  | Offered knowledge of Lehudib's Crystal Spear by Vehumet.
 39386 | Swamp:3  | Offered knowledge of Shatter by Vehumet.
 39386 | Swamp:3  | Offered knowledge of Chain Lightning by Vehumet.
 39586 | Swamp:3  | Identified the +8 halberd of Qazlal, Crafting {flame,
                  | *Corrode rN+ Int+3 Dex+4}
 39966 | Swamp:3  | Reached skill level 5 in Shields
 40391 | Swamp:4  | Entered Level 4 of the Swamp
 41073 | Swamp:4  | Noticed a tentacled monstrosity
 41093 | Swamp:4  | Killed a tentacled monstrosity
 41279 | Swamp:4  | Upgraded the game from 0.30-a0-469-g84de5afbc5 to
                  | 0.30-a0-475-g03497ec522
 41828 | Swamp:4  | Reached skill level 10 in Dodging
 41866 | Swamp:4  | Reached XP level 18. HP: 140/147 MP: 18/38
 41956 | Swamp:4  | Got a decaying rune of Zot
 42097 | Snake:1  | Entered Level 1 of the Snake Pit
 42241 | Snake:1  | Found Nahehay's Book Shoppe.
 42245 | Snake:1  | Bought a manual of Transmutations for 960 gold pieces
 42269 | Snake:1  | Found a large runed translucent door.
 42269 | Snake:1  | Found a large runed translucent door.
 42270 | Snake:1  | Noticed inmateoo's ghost (adept DsFi)
 43518 | Snake:1  | Noticed Jorgrun
 43523 | Snake:1  | Killed Jorgrun
 44277 | Snake:2  | Identified the +1 robe of True Grit {rElec rF++ Will- SInv}
 44366 | Snake:2  | You fall into a shaft and drop 1 floor!
 44497 | Snake:2  | Found Fumemil's Book Shop.
 44498 | Snake:2  | Found Cothro Azorann's Jewellery Shoppe.
 44499 | Snake:2  | Found Tept's Book Shop.
 45197 | Snake:3  | Found a transporter.
 45202 | Snake:3  | Found a bloodstained altar of Trog.
 45202 | Snake:3  | Noticed ma3's ghost (adept DjHW)
 45229 | Snake:3  | Found a transporter.
 45480 | Snake:3  | Reached skill level 1 in Invocations
 45774 | Snake:3  | Reached skill level 10 in Shields
 45774 | Snake:3  | Reached skill level 2 in Invocations
 46144 | Snake:4  | Entered Level 4 of the Snake Pit
 46155 | Snake:4  | Noticed Donald
 46229 | Snake:3  | Gained mutation: You occasionally lose the ability to drink
                  | potions when taking damage. [you]
 46232 | Snake:3  | Killed Donald
 46320 | Snake:4  | Found a shimmering altar of Xom.
 46328 | Snake:4  | Reached skill level 3 in Invocations
 46541 | Snake:4  | Identified the +6 trident of Qazlal's Reproof {drain,
                  | *Noise *Slow rPois Int+9}
 46651 | Snake:4  | Reached skill level 4 in Invocations
 46974 | Snake:4  | Reached skill level 5 in Invocations
 47478 | Snake:4  | Reached skill level 6 in Invocations
 47511 | Snake:4  | Reached XP level 19. HP: 87/158 MP: 16/40
 47686 | Snake:4  | Got a serpentine rune of Zot
 48135 | Vaults:1 | Entered Level 1 of the Vaults
 48154 | Vaults:1 | Reached skill level 7 in Invocations
 48388 | Vaults:1 | Found a runed translucent gate.
 48388 | Vaults:1 | Found a runed translucent gate.
 48388 | Vaults:1 | Found a runed translucent gate.
 48388 | Vaults:1 | Noticed Uhurudgh's ghost (veteran DgEE)
 48583 | Vaults:1 | Reached skill level 8 in Invocations
 49461 | Vaults:1 | Identified the +8 chain mail of Trial and Error {Harm rF+
                  | rC- rN+}
 49593 | Vaults:2 | Reached skill level 9 in Invocations
 50335 | Vaults:2 | Reached skill level 10 in Invocations
 51160 | Vaults:2 | You fall into a shaft and drop 1 floor!
 51231 | Vaults:3 | Found a crumbling gateway.
 51269 | Desolati | Entered the Desolation of Salt
 51762 | Desolati | Reached skill level 11 in Invocations
 51937 | Desolati | Identified the +1 pair of boots "Nasus" {-Cast rC+ Str+5}
 52650 | Desolati | Reached XP level 20. HP: 177/177 MP: 41/41
 52719 | Desolati | Reached skill level 15 in Fighting
 52724 | Desolati | Reached skill level 12 in Invocations
 52832 | Desolati | Identified the ring "Letoy" {rF+ rC+ Will+ rCorr Dex-4}
 52835 | Desolati | Identified the ring of Xom's Entertainment {Will- Str+7
                  | Int+6}
 53110 | Vaults:3 | Found a staircase to the Crypt.
 53331 | Vaults:3 | Found Ehoax's Distillery.
 53335 | Vaults:3 | Bought a potion of curing for 51 gold pieces
 53335 | Vaults:3 | Bought 2 potions of curing for 102 gold pieces
 53335 | Vaults:3 | Bought a potion of curing for 51 gold pieces
 53335 | Vaults:3 | Bought a potion of lignification for 51 gold pieces
 53335 | Vaults:3 | Bought a potion of mutation for 136 gold pieces
 53387 | Vaults:3 | Reached skill level 13 in Invocations
 53649 | Vaults:3 | Reached skill level 14 in Invocations
 53704 | Vaults:2 | Upgraded the game from 0.30-a0-475-g03497ec522 to
                  | 0.30-a0-528-g8c47a4955b
 54525 | Vaults:3 | Reached skill level 15 in Invocations
 54964 | Vaults:4 | Reached skill level 16 in Invocations
 55560 | Vaults:4 | Reached skill level 17 in Invocations
 55957 | Vaults:4 | Reached XP level 21. HP: 129/184 MP: 22/42
 56314 | Vaults:4 | Reached skill level 18 in Invocations
 56379 | Vaults:4 | Noticed Aizul
 56385 | Vaults:4 | Killed Aizul
 56845 | Vaults:4 | Reached skill level 19 in Invocations
 57505 | Crypt:1  | Entered Level 1 of the Crypt
 57767 | Crypt:1  | Noticed Sojobo
 57893 | Vaults:5 | Entered Level 5 of the Vaults
 57896 | Vaults:5 | Reached skill level 20 in Invocations
 57942 | Vaults:5 | Identified the ring of Patience {rN+ SInv}
 57997 | Vaults:5 | Identified the +7 quarterstaff of Havoc {freeze, rPois
                  | Int+5 Dex-3}
 58002 | Vaults:5 | Reached skill level 21 in Invocations
 58018 | Vaults:5 | HP: 1/179 [tengu reaver/bolt of lightning (21)]
 58022 | Vaults:5 | Noticed an ancient lich
 58032 | Vaults:5 | Killed an ancient lich
 58342 | Vaults:5 | Noticed a golden dragon
 58350 | Vaults:5 | Killed a golden dragon
 58351 | Vaults:5 | Reached skill level 1 in Stealth
 58779 | Vaults:5 | Got a silver rune of Zot
 58783 | Vaults:5 | Identified the +8 dagger "Plog" {vamp, rF+ Will+}
 58866 | Vaults:5 | Reached XP level 22. HP: 179/192 MP: 30/43
 59246 | Vaults:5 | Identified the +4 rapier of Gufor {holy, rPois rN+ Will+
                  | Str+2}
 59246 | Vaults:5 | Identified the ring of Sloth {Will+ rCorr SInv}
 59371 | Vaults:5 | Identified the +1 leather armour "Vezecuew" {Will++}
 59523 | Vaults:5 | Noticed an ancient lich
 60020 | Vaults:5 | Killed an ancient lich
 60594 | Crypt:1  | Killed Sojobo
 62559 | Crypt:2  | Reached skill level 5 in Stealth
 62778 | Crypt:3  | Entered Level 3 of the Crypt
 62782 | Crypt:3  | Noticed Mennas
 63151 | Crypt:3  | Killed from afar by an ancient champion

Illustrated notes

. .. ...
...8
##...######
...~..@..<#
##...######
..e8 ... ..
.


Turn 28263 on Elf:1: mini bog hours

Levels and vault maps discovered:
D:1:      evilmike_arrival_hilbert_curve, layout_rooms,
          chequers_serial_rivers_small_a
D:2:      layout_basic, chequers_ecumenical_altar_simple_redux
D:3:      layout_basic, jmf_multi_god_temple2, guppyfry_early_orc_mine,
          uniq_jessica, uniq_grinder
D:4:      layout_basic, temple_pool_b, serial_shops, nicolae_shop_stone,
          uniq_eustachio, uniq_menkaure, uniq_ijyb
D:5:      layout_loops_ring, minitemple, serial_shops, nicolae_lakefront_shop,
          serial_bayou_ford_a
D:6:      layout_basic, minmay_checkerbox
D:7:      layout_gridville, grunt_decor_clamped
D:8:      layout_gridville, grunt_temple_overflow_open, hellmonk_lair_entry_icy,
          hangedman_glass_teeth, st_stairs_1, introduction_to_nature_2
D:9:      minmay_the_grid_3x3 [minmay_the_grid_all_tris,
          minmay_the_grid_diamond_grid, minmay_the_grid_slots,
          minmay_the_grid_stretched_grid, minmay_the_grid_minigrid_medium,
          minmay_the_grid_dragon_b, minmay_the_grid_armoury,
          minmay_the_grid_large_cup, minmay_the_grid_prize_diamond_cup],
          layout_gridville, uniq_joseph
D:10:     layout_basic, st_stairs_5, hangedman_minor_magic
D:11:     layout_irregular_city, ashenzari_conservatory_becter, uniq_harold
D:12:     cheibrodos_barr_body, layout_cave_pools, orc_0_dummy, serial_rivers,
          chequers_serial_rivers_room_b, chequers_serial_rivers_large_a,
          chequers_serial_rivers_small_3, chequers_serial_rivers_micro_e,
          chequers_serial_rivers_micro_e, chequers_serial_rivers_micro_a
D:13:     layout_gridville, minmay_guarded_unrand_zonguldrok, uniq_sonja,
          uniq_maurice, uniq_urug
D:14:     layout_basic, grunt_vaults_entry_fortified,
          nicolae_dithmenos_through_a_glass_darkly, serial_shops, shop_coins,
          uniq_josephine
D:15:     gammafunk_depths_entry_grave, layout_long_grid, serial_shops, shop,
          nicolae_uskayaw_murder_on_the_dancefloor
Lair:1:   lemuel_ratsnest, layout_loops_ring, special_room [special_room_bee],
          lightli_volcano_entry_magma_tube, fungi_pond_lemuel
Lair:2:   layout_roguey, grunt_megastairs_2, infiniplex_staircase_pool
Lair:3:   layout_gridlike, minmay_swamp_entry_worms,
          minmay_snake_entry_guardpost_medium
Lair:4:   layout_cave_pods, serial_bayou_shore_b
Lair:5:   evil_forest, layout_regular_city, slime_entry_1, serial_bayou_shore_b
Swamp:1:  layout_falls_marsh, nicolae_swamp_feature_on_the_river_bank
Swamp:2:  layout_falls_marsh, evilmike_swamp_ruin_rubble_2
Swamp:3:  layout_basic_swamp, evilmike_swamp_ruin_house_3, swamp_pool1
Swamp:4:  swamp_vile, layout_basic_swamp, swamp_pool1
Snake:1:  layout_chambers, ebering_ghost_disaster_area,
          nicolae_coiled_stairwell_down, minmay_shop_star, serial_bayou_shore_a,
          uniq_jorgrun
Snake:2:  layout_rooms, grunt_megastairs_4, minmay_shop_grove
Snake:3:  layout_chambers, gammafunk_ghost_wrathful_warriors
Snake:4:  hellmonk_snake_rune_quicksilver_temple, layout_rooms, basic_altar,
          lemuel_fruit_tree, uniq_donald
Orc:1:    layout_caves, nicolae_orc_sculptors_studio
Orc:2:    st_orc_congregation, layout_caves, uniq_snorg, uniq_rupert
Elf:1:    eino_elf_arrival_shootout, layout_gridlike, minivault_28
Elf:2:    elven_hall_of_blades_hangedman_original [nicolae_blade_lattice],
          layout_geoelf_grid
Elf:3:    grunt_elf_hall_asides, layout_gridlike
Vaults:1: ebering_ghost_rock_garden, hangedman_vaults_variations,
          vaults_mumra_lcd, vaults_room_fancy_cross, v_rooms_3, v_rooms_5,
          nicolae_vaults_three_branches, grunt_vaults_swirl,
          ontoclasm_vaults_fault, nicolae_vaults_little_squares_6,
          vaults_room_grid, nicolae_vaults_border_crossing, layout_vaults_ring
Vaults:2: ontoclasm_vaults_hangar, nicolae_vaults_circle_grid_a,
          grunt_vaults_hallway_long, vaults_dpeg_hooks,
          nicolae_vaults_circle_grid_b, st_cross, vaults_room_hallway,
          layout_vaults_quadrants
Vaults:3: portal_desolation_entry_nicolae_nacl, v_misc_1,
          hangedman_vaults_pinch, st_lattice, ontoclasm_vaults_gateway,
          hangedman_vaults_capsules, vaults_mumra_hexcomb,
          nicolae_vaults_network_periphery, v_alt_pattern_5,
          grunt_vaults_bifocal, layout_vaults_big_room, serial_shops, shop
Vaults:4: nicolae_vaults_arrows, vaults_room_corners, v_pattern_2,
          nicolae_vaults_twisting_passages, nicolae_vaults_network_star,
          vaults_room_glass_cross, vaults_mumra_minichess_inversion, v_misc_15,
          v_misc_17, layout_vaults_maze_bifur, uniq_aizul
Vaults:5
Crypt:1:  layout_misc_corridors, columned_hall_lemuel, uniq_sojobo
Crypt:2:  layout_catacombs, minmay_guarded_unrand_curses
Crypt:3:  david_glass_crypt, layout_chaotic_city, tomb_entry_forgotten_bobbens,
          ebering_ghost_disaster_area, uniq_grunn, uniq_mennas

Skill      XL: |  1  2  3  4  5  6  7  8  9 10 11 12 13 14 15 16 17 18 19 20 21 22 |
---------------+-------------------------------------------------------------------+-----
Spellcasting   | 3 4 5 6 8 10 12 14 15 16 17 | 17.8
Conjurations   | 4 5 6 7 9 10 12 | 12.0
Transmutations | 1 5 6 |  6.7
Fire Magic     | 1 6 10 13 16 18 20 | 20.0
Poison Magic   | 1 5 6 |  6.7
Fighting       | 6 9 10 11 14 15 16 | 16.0
Dodging        | 3 6 7 10 11 | 11.2
Earth Magic    | 5 11 | 11.2
Shields        | 6 10 | 10.0
Invocations    | 6 11 17 21 | 21.5
Stealth        | 1 5 |  5.0
Short Blades   | |  3.0

Action                   |  1- 3 |  4- 6 |  7- 9 | 10-12 | 13-15 | 16-18 | 19-21 | 22-24 || total
-------------------------+-------+-------+-------+-------+-------+-------+-------+-------++-------
Melee: Short sword       |    46 |     8 |       |       |       |       |       |       ||    54
       Tailslap          |     4 |       |     1 |     2 |    16 |     5 |    10 |       ||    38
       Morningstar       |       |       |     8 |    23 |    60 |     9 |       |       ||   100
       Staff             |       |       |       |       |    17 |    18 |    43 |     3 ||    81
       Punch             |       |       |       |       |     2 |       |       |       ||     2
 Cast: Magic Dart        |    73 |   139 |   183 |    13 |    51 |     1 |       |       ||   460
       Kiss of Death     |       |     5 |       |       |       |       |       |       ||     5
       Poisonous Vapours |       |     2 |       |       |     1 |       |       |       ||     3
       Olgreb's Toxic Ra |       |       |    22 |    84 |    51 |       |       |       ||   157
       Ignite Poison     |       |       |    21 |   108 |    58 |     2 |       |       ||   189
       Iskenderun's Myst |       |       |     1 |    16 |    24 |     1 |       |     1 ||    43
       Ignition          |       |       |       |       |   372 |   320 |   152 |    47 ||   891
       Iskenderun's Batt |       |       |       |       |    13 |     2 |       |       ||    15
       Iron Shot         |       |       |       |       |     6 |   216 |   365 |   180 ||   767
       Eringya's Noxious |       |       |       |       |     3 |    11 |     3 |       ||    17
       Yara's Violent Un |       |       |       |       |       |     4 |       |       ||     4
       Borgnjor's Vile C |       |       |       |       |       |    37 |    39 |     3 ||    79
 Abil: Breathe Fire      |       |       |    28 |    46 |    49 |    18 |    12 |     3 ||   156
Evoke: Wand              |       |     6 |       |     8 |     3 |     3 |       |       ||    20
       Phial of floods   |       |       |       |       |     2 |       |       |       ||     2
  Use: Potion            |     7 |       |     1 |     3 |     3 |     1 |    13 |     2 ||    30
       Scroll            |       |     6 |     6 |     8 |     9 |    10 |     8 |     2 ||    49
Armor: Skin              |    17 |    22 |    37 |    80 |   177 |    91 |    98 |    35 ||   557
Dodge: Dodged            |    33 |    44 |    70 |   177 |   265 |   134 |   181 |    33 ||   937
Block: Buckler           |       |       |       |       |       |    54 |   108 |    15 ||   177

Table legend: (Time is in decaauts)
 A = Elapsed time spent in this place.
 B = Non-inter-level travel time spent in this place.
 C = Inter-level travel time spent in this place.
 D = Time resting spent in this place.
 E = Time spent auto-exploring this place.
 F = Levels seen in this place.
 G = Mean time per level.
                   A        B        C        D        E       F      G
               +--------+--------+--------+--------+--------+-----+--------+
         Total |  63756 |  60952 |   2804 |  23388 |  27273 |  43 | 1482.7 |
       Dungeon |  23130 |  21819 |   1311 |   7104 |  11651 |  15 | 1542.0 |
          Lair |   6731 |   6411 |    320 |   1797 |   3591 |   5 | 1346.2 |
         Swamp |   4793 |   4637 |    156 |   2195 |   1747 |   4 | 1198.2 |
     Snake Pit |   5852 |   5695 |    157 |   2166 |   2606 |   4 | 1463.0 |
  Orcish Mines |   3200 |   2865 |    335 |   1322 |    991 |   2 | 1600.0 |
   Elven Halls |   4990 |   4834 |    156 |   2610 |   1385 |   3 | 1663.3 |
        Vaults |  10612 |  10343 |    269 |   4347 |   3943 |   5 | 2122.4 |
         Crypt |   2613 |   2517 |     96 |    938 |   1210 |   3 |  871.0 |
       Volcano |     38 |     38 |      0 |      0 |      0 |   1 |   38.0 |
    Desolation |   1793 |   1793 |      0 |    908 |    147 |   1 | 1793.0 |
               +--------+--------+--------+--------+--------+-----+--------+

Top non-repeatable levels by time:
Vaults:5: 2654 daAuts
Vaults:4: 2640 daAuts
    D:14: 2547 daAuts
     D:9: 2247 daAuts
   Orc:2: 2138 daAuts
Vaults:3: 2134 daAuts
     D:3: 1983 daAuts
    D:13: 1935 daAuts
     D:8: 1928 daAuts
 Snake:1: 1885 daAuts
   Elf:1: 1847 daAuts
    D:15: 1799 daAuts
  Lair:5: 1797 daAuts
Desolation: 1793 daAuts
Vaults:2: 1748 daAuts
